 Dungeon Crawl Stone Soup version 0.27.1-3-gb3d3a73c9e (webtiles) character file.

Game seed: 16382316184472163704

1536 WM2K the Arsonist (level 8, -3/68 HPs)
             Began as a Grey Draconian Fire Elementalist on Oct 7, 2021.
             Was an Initiate of Vehumet.
             Slain by an ogre (9 damage)
             ... on level 6 of the Dungeon.
             The game lasted 01:01:45 (8338 turns).

WM2K the Arsonist (DrFE)                            Turns: 8338, Time: 01:01:45

Health: -3/68      AC: 21    Str: 16    XL:     8   Next: 56%
Magic:  11/11      EV: 11    Int: 19    God:    Vehumet [......]
Gold:   247        SH:  3    Dex: 11    Spells: 4/11 levels left

rFire    + . .     SeeInvis .   a - +1 dagger (protect)
rCold    . . .     Faith    .   t - +0 buckler
rNeg     . . .     Spirit   .   (armour unavailable)
rPois    +         Reflect  .   (helmet restricted)
rElec    .         Harm     .   D - +2 cloak of Ylauk {rPois rF+}
rCorr    .         Rampage  .   (no gloves)
Will     .....                  (no boots)
Stlth    ++........             w - amulet of magic regeneration
HPRegen  0.21/turn              j - +6 ring of strength
MPRegen  0.37/turn              (no ring)

@: under a protective aura
A: AC +11, amphibious, unfitting armour, cold-blooded
a: Renounce Religion


You were on level 6 of the Dungeon.
You worshipped Vehumet.
Vehumet was noncommittal.
You visited 2 branches of the dungeon, and saw 7 of its levels.

You collected 247 gold pieces.

Inventory:

Hand Weapons
 a - a +1 dagger of protection (weapon)
 b - a +0 hunting sling
 d - a +0 spear
Missiles
 e - 73 stones
 i - 22 poisoned darts (quivered)
 o - 7 boomerangs
 v - 13 sling bullets
Armour
 t - a +0 buckler (worn)
 u - a scarf of resistance
 y - a scarf of repulsion
 D - the +2 cloak of Ylauk (worn) {rPois rF+}
   (You found it on level 6 of the Dungeon)

   rF:        It protects you from fire.
   rPois:     It protects you from poison.
Jewellery
 j - a +6 ring of strength (left hand)
 w - an amulet of magic regeneration (around neck)
Scrolls
 c - 3 scrolls of enchant weapon {unknown}
 g - a scroll of summoning {unknown}
 k - a scroll of enchant armour {unknown}
 l - a scroll of magic mapping {unknown}
 m - 3 scrolls of identify {unknown}
 n - 2 scrolls of teleportation {unknown}
 r - a scroll of holy word {unknown}
 s - a scroll of brand weapon {unknown}
 x - a scroll of amnesia {unknown}
 B - a scroll of immolation {unknown}
Potions
 f - 3 potions of attraction {unknown}
 h - 2 potions of invisibility {unknown}
 p - a potion of resistance
 q - a potion of ambrosia {unknown}
 z - a potion of magic {unknown}
 A - a potion of curing {unknown}
 C - a potion of flight {unknown}
 E - a potion of might {unknown}


   Skills:
 * Level 5.2 Fighting
 - Level 1.7 Dodging
 - Level 1.7 Stealth
 - Level 2.0 Spellcasting
 - Level 1.0 Conjurations
 + Level 10.0 Fire Magic


You had 4 spell levels left.
You knew the following spells:

 Your Spells              Type           Power      Damage    Failure   Level
a - Foxfire               Conj/Fire      88%        2x1d8     3%          1
b - Conjure Flame         Conj/Fire      22%        6-21      9%          3
c - Inner Flame           Hex/Fire       21%        N/A       11%         3

Your spell library contained the following spells:

 Spells                   Type           Power      Damage    Failure   Level
 Magic Dart               Conj           20%        1d4       19%         1
 Ignite Poison            Fire/Tmut/Pois 14%        N/A       22%         3
 Sticky Flame             Conj/Fire      22%        2d4       28%         4
 Call Imp                 Summ           1%         N/A       38%         2
 Mephitic Cloud           Conj/Pois/Air  3%         N/A       58%         3
 Confusing Touch          Hex            2%         N/A       63%         3
 Dispel Undead            Necr           1%         3d6       95%         4
 Fireball                 Conj/Fire      11%        3d7       63%         5
 Bolt of Magma            Conj/Fire/Erth 7%         4d6       86%         5
 Starburst                Conj/Fire      11%        6d5       99%         6
 Agony                    Necr           1%         N/A       100%        5
 Ignition                 Fire           20%        3d7       100%        8
 Infestation              Necr           0%         N/A       100%        8


Dungeon Overview and Level Annotations

Branches:
Dungeon (6/15)             Temple (1/1) D:4

Altars:
Cheibriados
Elyvilon
Fedhas
Hepliaklqana
Kikubaaqudgha
Nemelex Xobeh
Okawaru
Trog
Uskayaw
Vehumet
Xom
Yredelemnul
Zin

Shops:
D:3 (   D:5 [


Innate Abilities, Weirdness & Mutations

Your dull iron-grey scales are very hard. (AC +11)
You are amphibious.
You cannot fit into any form of body armour.
You are cold-blooded and may be slowed by cold attacks.


Message History

The ogre is lightly wounded.
You barely miss the ogre.
You tail-slap the ogre, but do no damage.
The ogre is lightly wounded.
The ogre hits you but does no damage.
You completely miss the ogre.
The ogre is lightly wounded.
The ogre hits you with a +0 giant club!
Casting: Conjure Flame (dangerous; 9% risk of failure)
Confirm with . or Enter, or press ? or * to list all spells.
You conjure some foxfire!
The ogre barely misses you.
Your foxfire dissipates!
The ogre hits you with a +0 giant club.
Casting: Foxfire (safe; 3% risk of failure)
Confirm with . or Enter, or press ? or * to list all spells.
You conjure some foxfire!
The foxfire hits the ogre.
The ogre is moderately wounded.
You hit the ogre.
Your weapon exudes an aura of protection.
You tail-slap the ogre, but do no damage.
The ogre is moderately wounded.
The ogre barely misses you.
You hit the ogre.
The ogre is heavily wounded.
You hit the ogre.
You tail-slap the ogre, but do no damage.
The ogre is heavily wounded.
The ogre hits you with a +0 giant club!!
* * * LOW HITPOINT WARNING * * *
Your foxfire dissipates!
You hit the ogre.
The ogre is heavily wounded.
The ogre barely misses you.
You hit the ogre.
The ogre is heavily wounded.
The ogre hits you but does no damage.
You barely miss the ogre.
The ogre is heavily wounded.
The ogre hits you with a +0 giant club!
You die...

### #...# ##.## #.# #.#
#.# #.# #.# ###### #.#
### #@O..# #.# #.#
####.# #.# # #.# #.# #.#
#.#.# #.# #.#
#####.#.###.# #.# #.#
............# #.# #.#
......#.#########.####.#
#####(.................#
......#.#########.######


You could see an ogre.

Vanquished Creatures
  Grinder (D:5)
  Sigmund (D:5)
  A water moccasin (D:6)
  2 black bears
  A sky beast (D:4)
  2 ogres
  A bullfrog (D:4)
  3 jellies
  4 hounds
  A bullfrog skeleton (D:5)
  2 iguanas (D:5)
  An orc wizard (D:6)
  A hound skeleton (D:4)
  Robin (D:2)
  4 gnolls
  8 adders
  A shadow imp (D:6)
  An adder zombie (D:5)
  2 worms
  2 dart slugs
  7 orcs
  8 endoplasms
  2 giant cockroaches
  12 goblins
  7 hobgoblins
  4 jackals (D:3)
  5 quokkas
  10 ball pythons
  5 bats
  4 frilled lizards
  5 kobolds
  4 rats
113 creatures vanquished.

Vanquished Creatures (others)
  344 foxfires
  4 fungi (D:5)
  5 plants (D:3)
353 creatures vanquished.

Grand Total: 466 creatures vanquished

Notes
Turn   | Place    | Note
-------+----------+-------------------------------------------
     0 | D:1      | WM2K the Draconian Fire Elementalist began the quest for
                  | the Orb.
     0 | D:1      | Reached XP level 1. HP: 14/14 MP: 3/3
   358 | D:1      | Reached XP level 2. HP: 20/20 MP: 3/5
   654 | D:1      | Found a faded altar of an unknown god.
  1183 | D:1      | Reached skill level 4 in Fire Magic
  1467 | D:2      | Reached XP level 3. HP: 27/27 MP: 3/6
  1473 | D:2      | Learned a level 3 spell: Conjure Flame
  1513 | D:2      | Reached skill level 1 in Fighting
  2107 | D:2      | Noticed Robin
  2174 | D:2      | Killed Robin
  2566 | D:3      | Found a hazy altar of Hepliaklqana.
  2579 | D:3      | Reached XP level 4. HP: 28/35 MP: 4/7
  3278 | D:3      | Reached skill level 5 in Fire Magic
  3506 | D:3      | Found a blossoming altar of Fedhas.
  3623 | D:3      | Found Hasiat's Weapon Shoppe.
  3880 | D:4      | Reached XP level 5. HP: 41/41 MP: 3/8
  4127 | D:5      | Entered Level 5 of the Dungeon
  4131 | D:5      | Noticed Grinder
  4227 | D:5      | Paralysed by Grinder for 4 turns
  4228 | D:5      | Killed Grinder
  4229 | D:5      | Reached skill level 6 in Fire Magic
  4229 | D:5      | Reached XP level 6. HP: 40/51 MP: 1/9
  4351 | D:4      | Reached skill level 7 in Fire Magic
  4367 | D:4      | Your scales start taking on a dull iron-grey colour.
  4367 | D:4      | Reached XP level 7. HP: 36/57 MP: 0/10
  4527 | D:4      | Learned a level 3 spell: Inner Flame
  5358 | D:4      | Reached skill level 8 in Fire Magic
  6101 | D:4      | Found a staircase to the Ecumenical Temple.
  6111 | Temple   | Entered the Ecumenical Temple
  6224 | Temple   | Became a worshipper of Vehumet
  6588 | D:5      | Reached XP level 8. HP: 67/67 MP: 1/11
  6845 | D:5      | Noticed Sigmund
  6886 | D:5      | Killed Sigmund
  6887 | D:5      | Reached skill level 9 in Fire Magic
  7262 | D:5      | Found Zuusierch's Armour Shop.
  7599 | D:6      | Reached skill level 5 in Fighting
  7811 | D:6      | Found a hide-covered altar of Uskayaw.
  7823 | D:6      | Identified the +2 cloak of Ylauk {rPois rF+}
  7881 | D:6      | Got Sif Muna's Guide on Evil Malediction
  8289 | D:6      | Reached skill level 10 in Fire Magic
  8338 | D:6      | Slain by an ogre

Illustrated notes

Levels and vault maps discovered:
D:1:      saegor_arrival_simple_b, layout_basic,
          dilly_ecumenical_altar_fadedgnrine
D:2:      layout_basic, uniq_robin
D:3:      layout_basic, mainiacjoe_overflow_tiny_flanked, fedhas_ov_isle_minmay,
          serial_shops, nicolae_shop_window_shopping, minmay_diced_spiral
D:4:      layout_rooms, minmay_temple_entry_poolview, minmay_misc_feat_tower
D:5:      layout_rooms, serial_shops, nicolae_shop_behind_doors,
          water_boxes_lemuel, uniq_grinder, uniq_sigmund
D:6:      layout_loops_ring, nicolae_wu_jian_immortal_techniques,
          eat_drink_and_be_merry_uskayaw, mainiacjoe_overflow_six_doors_small,
          chequers_decorated_corner, serial_bayou_pond_b, uniq_menkaure
Temple:   eino_wide_crystal_templ

Skill      XL: |  1  2  3  4  5  6  7  8 |
---------------+-------------------------+-----
Fire Magic     | 4 5 6 7 8 10 | 10.0
Fighting       | 1 2 3 4 5 |  5.2
Dodging        | |  1.7
Stealth        | |  1.7
Spellcasting   | |  2.0
Conjurations   | |  1.0

Action                   |  1- 3 |  4- 6 |  7- 9 || total
-------------------------+-------+-------+-------++-------
Melee: Unarmed           |    18 |     5 |       ||    23
       Tailslap          |     2 |     7 |    25 ||    34
       Dagger            |    17 |    24 |   126 ||   167
 Fire: Hunting sling     |       |     1 |     3 ||     4
Throw: Stone             |     1 |       |       ||     1
       Dart              |     1 |     2 |     9 ||    12
 Cast: Foxfire           |    74 |   103 |    57 ||   234
       Conjure Flame     |       |       |    22 ||    22
       Inner Flame       |       |       |    12 ||    12
 Stab: Sleeping          |     1 |       |       ||     1
Armor: Skin              |     6 |    24 |    74 ||   104
Dodge: Dodged            |    18 |    53 |    55 ||   126
Block: Buckler           |       |       |    16 ||    16
